 Dungeon Crawl Stone Soup version 0.22.1-1-ga44c0e56f4 (webtiles) character file.

1000 OdinFK the Chopper (level 8, 37/62 HPs)
             Began as a Demonspawn Abyssal Knight on Oct 19, 2018.
             Was an Elder of Lugonu.
             Quit the game on level 6 of the Dungeon.
             The game lasted 00:16:11 (4784 turns).

OdinFK the Chopper (Demonspawn Abyssal Knight)      Turns: 4784, Time: 00:16:11

Health: 37/62      AC: 14    Str: 14    XL:     8   Next: 0%
Magic:  9/9        EV:  4    Int: 13    God:    Lugonu [****..]
Gold:   262        SH:  4    Dex: 14    Spells: 7/7 levels left

rFire    . . .     SeeInvis +   a - +1 hand axe
rCold    . . .     Gourm    .   b - +0 buckler
rNeg     . . .     Faith    .   r - +0 plate armour
rPois    .         Spirit   .   (helmet restricted)
rElec    .         Reflect  .   g - +1 cloak
rCorr    .         Harm     .   (no gloves)
MR       .....     Rnd*Tele +   (no boots)
Stlth    ..........             e - amulet of rage
HPRegen  0.20/turn              p - ring of see invisible
MPRegen  0.11/turn              s - ring of teleportation

@: very slightly contaminated
A: antennae 2, claws 1, hooves 1, powered by pain 1
a: Depart the Abyss, Bend Space, Banish, Corrupt, Renounce Religion, Evoke
Berserk Rage


You were on level 6 of the Dungeon.
You worshipped Lugonu.
Lugonu was greatly pleased with you.
You were not hungry.

You visited 1 branch of the dungeon, and saw 6 of its levels.
You visited the Abyss 1 time.

You collected 262 gold pieces.

Inventory:

Hand Weapons
 a - a +1 hand axe (weapon)
Armour
 b - a +0 buckler (worn)
 g - a +1 cloak (worn)
 r - a +0 plate armour (worn)
Jewellery
 e - an amulet of rage (around neck)
 p - a ring of see invisible (left claw)
 s - a ring of teleportation (right claw)
 v - an uncursed ring of poison resistance {unknown}
 y - a cursed amulet of inaccuracy {unknown}
Wands
 n - a wand of paralysis (12)
 u - a wand of flame (44)
Scrolls
 d - 6 scrolls of identify
 f - 2 scrolls of teleportation
 i - a scroll of noise
 j - a scroll of remove curse
 k - 2 scrolls of enchant armour
 l - 2 scrolls of amnesia
 m - a scroll of fear {unknown}
 o - a scroll of blinking
 q - a scroll of enchant weapon {unknown}
 t - a scroll of random uselessness {unknown}
 z - a scroll of magic mapping {unknown}
 A - a scroll of fog {unknown}
Potions
 h - 3 potions of heal wounds
 w - 2 potions of agility
 x - a potion of flight
Comestibles
 c - 7 rations


   Skills:
 + Level 5.1 Fighting
 + Level 5.7 Axes
 + Level 4.4 Armour
 + Level 1.3 Dodging
 + Level 1.5 Shields
 + Level 2.6 Invocations
 + Level 1.4 Evocations


You had 7 spell levels left.
You didn't know any spells.
Your spell library was empty.

Dungeon Overview and Level Annotations

Branches:
Dungeon (6/15)
 Temple: D:4-7

Altars:
Elyvilon
Makhleb
Sif Muna


Innate Abilities, Weirdness & Mutations

You have a pair of antennae on your head.
You have sharp fingernails.
You have large cloven feet.
You sometimes gain a little power by taking damage.


Message History

You kill the iguana!
Lugonu accepts your kill.
You hit the worm but do no damage. The worm bites you but does no damage.
You hit the worm.
The worm is heavily wounded.
The worm bites you but does no damage.
Your plate armour prevents you from hitting the worm.
Your kick misses the worm.
The worm is heavily wounded.
Your plate armour prevents you from hitting the worm.
You kick the worm.
The worm is severely wounded.
The worm bites you but does no damage.
You hit the worm. You kick the worm.
You kill the worm!
Lugonu accepts your kill.
You have reached level 8!
You feel agile.
Your demonic ancestry asserts itself...
Your fingernails lengthen.
Are you sure you want to abandon this character and quit the game? (Confirm

#..............
#.............#
............# ..
............# ...
............# #...
............# #....
...........###.....
.#####.†...........
###@..........
##...##...## ##..#
..# ##.## .# ##<#
#.# ###


There were no monsters in sight!

Vanquished Creatures
  Grinder (D:3)
  An ogre (D:5)
  A centaur (D:5)
  A big kobold (D:4)
  A crimson imp (D:5)
  A hound (D:5)
  A jelly (D:5)
  An orc priest (D:3)
  4 orc wizards
  A bullfrog skeleton (D:5)
  An iguana (D:6)
  2 worker ants
  2 hound zombies (D:5)
  8 adders
  A shadow imp (D:5)
  An ooze (D:3)
  6 worms
  3 dart slugs
  4 leopard geckos
  29 orcs
  2 giant cockroaches (D:2)
  6 goblins
  7 hobgoblins
  4 jackals (D:1)
  3 quokkas
  A ball python (D:2)
  6 bats
  3 frilled lizards
  A giant cockroach zombie (D:5)
  A jackal skeleton (D:5)
  7 kobolds
  7 rats
118 creatures vanquished.

Vanquished Creatures (others)
  A plant (D:4)
1 creature vanquished.

Grand Total: 119 creatures vanquished

Notes
Turn   | Place    | Note
-------+----------+-------------------------------------------
     0 | Abyss:1  | OdinFK the Demonspawn Abyssal Knight began the quest for
                  | the Orb.
     0 | Abyss:1  | Reached XP level 1. HP: 18/18 MP: 2/2
     8 | Abyss:1  | Found a corrupted altar of Lugonu.
    17 | D:1      | Escaped the Abyss
   246 | D:1      | Reached skill level 1 in Dodging
   268 | D:1      | Gained mutation: You have large cloven feet. [demonic
                  | ancestry]
   268 | D:1      | Reached XP level 2. HP: 23/24 MP: 3/3
  1231 | D:2      | Reached XP level 3. HP: 28/30 MP: 4/4
  1496 | D:3      | Reached ** piety under Lugonu
  1529 | D:3      | Found a white marble altar of Elyvilon.
  1618 | D:3      | Gained mutation: You sometimes gain a little power by
                  | taking damage. [demonic ancestry]
  1618 | D:3      | Reached XP level 4. HP: 32/37 MP: 5/5
  1926 | D:3      | Noticed Grinder
  1931 | D:3      | Paralysed by Grinder for 2 turns
  1935 | D:3      | Paralysed by Grinder for 6 turns
  1942 | D:3      | Killed Grinder
  1942 | D:3      | Reached XP level 5. HP: 33/43 MP: 6/6
  1942 | D:3      | Gained mutation: You have a pair of small antennae on your
                  | head. [demonic ancestry]
  1942 | D:3      | Reached XP level 6. HP: 38/49 MP: 7/7
  2115 | D:3      | Found a deep blue altar of Sif Muna.
  2578 | D:4      | Reached *** piety under Lugonu
  2591 | D:4      | Reached skill level 1 in Evocations
  3149 | D:4      | Gained mutation: You have a pair of antennae on your head.
                  | [demonic ancestry]
  3149 | D:4      | Reached XP level 7. HP: 44/55 MP: 8/8
  3151 | D:4      | Reached skill level 1 in Shields
  3463 | D:5      | Entered Level 5 of the Dungeon
  3485 | D:5      | Reached skill level 5 in Axes
  3744 | D:5      | Reached skill level 5 in Fighting
  3782 | D:5      | Found a burning altar of Makhleb.
  3952 | D:5      | Reached **** piety under Lugonu
  4783 | D:6      | Gained mutation: You have sharp fingernails. [demonic
                  | ancestry]
  4783 | D:6      | Reached XP level 8. HP: 36/62 MP: 9/9
  4784 | D:6      | Quit the game

Skill      XL: |  1  2  3  4  5  6  7 |
---------------+----------------------+-----
Dodging        | 1 |  1.3
Axes           | 2 4 5 |  5.7
Armour         | 2 3 4 |  4.4
Fighting       | 4 5 |  5.1
Evocations     | 1 |  1.4
Shields        | 1 |  1.5
Invocations    | |  2.6

Action                   |  1- 3 |  4- 6 |  7- 9 || total
-------------------------+-------+-------+-------++-------
Melee: Hand axe          |   114 |   179 |   234 ||   527
       Kick              |    22 |    46 |    74 ||   142
Evoke: Wand              |       |     7 |     1 ||     8
  Use: Scroll            |     2 |     5 |     3 ||    10
       Potion            |       |     1 |       ||     1
 Stab: Sleeping          |     1 |       |       ||     1
       Paralysed         |       |       |     5 ||     5
  Eat: Chunk             |     2 |     5 |     6 ||    13
Armor: Leather armour    |     5 |       |       ||     5
       Ring mail         |    13 |       |       ||    13
       Plate armour      |    55 |   142 |   124 ||   321
Dodge: Dodged            |    36 |    33 |    27 ||    96
Block: Buckler           |     6 |    29 |    20 ||    55
